 Dungeon Crawl Stone Soup version 0.17.0-28-g6e173f8 (webtiles) character file.

440 HEYYEYAAE the Changer (level 6, -1/32 HPs)
             Began as a Spriggan Transmuter on Dec 1, 2015.
             Was an Initiate of Okawaru.
             Slain by Grinder (6 damage)
             ... while paralysed by Grinder
             ... on level 4 of the Dungeon.
             The game lasted 00:09:06 (4158 turns).

HEYYEYAAE the Changer (Spriggan Transmuter)         Turns: 4158, Time: 00:09:06

Health: -1/32      AC:  2    Str: 13    XL:     6   Next: 70%
Magic:  9/12       EV:  5    Int: 14    God:    Okawaru [......]
Gold:   206        SH:  0    Dex: 22    Spells: 4 memorised, 1 level left

rFire  . . .     SeeInvis +       - Unarmed
rCold  . . .     Clarity  .     (armour currently unavailable)
rNeg   . . .     SustAt   .     (shield currently unavailable)
rPois  x         Gourm    .     (helmet currently unavailable)
rElec  .         Spirit   .     (cloak currently unavailable)
rCorr  .         Warding  .     (gloves unavailable)
rMut   .         Stasis   .     (boots unavailable)
MR     +....                    (no amulet)
Stlth  ++........               (no ring)
                                (no ring)

@: paralysed, mighty, spider-form, somewhat resistant to hostile enchantments,
unstealthy
A: unfitting armour, see invisible, herbivore 3, (speed 0), slow metabolism 2
a: End Transformation, Renounce Religion


You were on level 4 of the Dungeon.
You worshipped Okawaru.
Okawaru was noncommittal.
You were not hungry.
You were a venomous arachnid creature.
You visited 1 branch of the dungeon, and saw 4 of its levels.
You also visited: Sewer.

You collected 206 gold pieces.

Inventory:

Hand Weapons
 t - a +1 war axe of chopping
Missiles
 a - 51 arrows
Armour
 b - a +0 robe (melded)
Wands
 u - a wand of frost (40)
Scrolls
 e - 4 scrolls of random uselessness
 h - 2 scrolls of immolation
 l - 2 scrolls of fog {unknown}
 m - 2 scrolls of enchant weapon
 q - a scroll of brand weapon {unknown}
 r - a scroll of blinking
Potions
 g - a potion of cure mutation {unknown}
 i - 4 potions of curing
 j - a potion of degeneration {unknown}
 k - a potion of agility {unknown}
 n - 2 potions of poison
 o - a potion of cancellation {unknown}
 p - a potion of invisibility {unknown}
 s - a potion of heal wounds
 w - 2 potions of resistance
Books
 c - a book of Changes

   Spells                             Type                      Level
   a - Beastly Appendage              Transmutation                1
   b - Sticks to Snakes               Transmutation                2
   c - Spider Form                    Transmutation/Poison         3
   d - Ice Form                       Ice/Transmutation            4
   e - Blade Hands                    Transmutation                5
Comestibles
 d - 2 bread rations


   Skills:
 * Level 3.1 Fighting
 + Level 4.8 Dodging
 + Level 3.2 Unarmed Combat
 + Level 3.7 Spellcasting
 * Level 5.5 Transmutations
 + Level 1.0 Invocations
 + Level 0.3 Evocations


You had one spell level left.
You knew the following spells:

 Your Spells              Type           Power        Failure   Level  Hunger
a - Beastly Appendage     Trmt           ###...       10%         1    None
b - Sticks to Snakes      Trmt           ###.......   12%         2    ##.....
c - Spider Form           Trmt/Pois      ##........   41%         3    ###....
d - Blade Hands           Trmt           ###.......   87%         5    ######.


Dungeon Overview and Level Annotations

Branches:
Dungeon (4/15)
 Temple: D:4-7

Altars:
Kikubaaqudgha
Okawaru
Sif Muna

Annotations:
D:4 Grinder


Innate Abilities, Weirdness & Mutations

You are tiny and cannot use many weapons and most armour.
You have supernaturally acute eyesight.
You are a herbivore.
((You cover ground extremely quickly.))
You need consume almost no food.


Message History

You continue memorising. x4
You finish memorising.
Spell assigned to 'd'.
Grinder shouts!
Drink which item? (? for menu, Esc to quit)
You feel very mighty all of a sudden.
Casting: Spider Form
Confirm with . or Enter, or press ? or * to list all spells.
You turn into a venomous arachnid creature.
Your +0 robe melds into your body.
Grinder gestures at you.
You suddenly lose the ability to move!
Grinder hits you!
You writhe in agony.
You writhe in agony.
Grinder hits you!
You writhe in agony.
* * * LOW HITPOINT WARNING * * *
Grinder gestures at you.
You shrug off the repeated paralysis!
Grinder hits you.
* * * LOW HITPOINT WARNING * * *
You writhe in agony.
You die...

### #.. ##.## ##...## .#
####.....#### .# ###
##....†......#####.###...
....#.....##.#.5a........
#....†.......s# >....# .
#..#.#.#.##.#.# .....## .
#. #.#.#†##.#.###.......
. # #.#.........w(..# #
#.###......###### #.
##.....# ###. #.##.##
#.##.##.### ......#...#


You could see Grinder and a worker ant.

Vanquished Creatures
  Sigmund (D:2)
  A crocodile (Sewer)
  An orc wizard (D:3)
  A worker ant (D:4)
  Robin (D:3)
  3 adders
  An ooze (D:2)
  4 worms
  A giant gecko (D:4)
  7 orcs (D:3)
  4 giant cockroaches
  15 hobgoblins
  6 jackals
  2 quokkas (D:3)
  5 ball pythons
  12 bats
  7 giant newts
  14 goblins
  A jackal skeleton (D:4)
  10 kobolds
  7 rats
104 creatures vanquished.

Vanquished Creatures (collateral kills)
  A goblin (D:3)
1 creature vanquished.

Grand Total: 105 creatures vanquished

Notes
Turn   | Place    | Note
--------------------------------------------------------------
     0 | D:1      | HEYYEYAAE the Spriggan Transmuter began the quest for the Orb.
     0 | D:1      | Reached XP level 1. HP: 9/9 MP: 5/5
    74 | D:1      | Reached skill level 1 in Fighting
    90 | D:1      | Reached XP level 2. HP: 12/14 MP: 4/6
   990 | D:1      | Reached XP level 3. HP: 12/18 MP: 6/8
  1145 | D:1      | Learned a level 2 spell: Sticks to Snakes
  1352 | D:2      | Found an ancient bone altar of Kikubaaqudgha.
  1362 | D:2      | Learned a level 3 spell: Spider Form
  1489 | D:2      | Noticed Sigmund
  1501 | D:2      | Killed Sigmund
  1501 | D:2      | Reached skill level 4 in Dodging
  1501 | D:2      | Reached XP level 4. HP: 8/23 MP: 5/9
  1501 | D:2      | Reached XP level 5. HP: 9/27 MP: 5/10
  2179 | D:2      | Found an iron altar of Okawaru.
  2545 | D:2      | Became a worshipper of Warmaster Okawaru
  2633 | D:3      | Noticed Robin
  2654 | D:3      | Killed Robin
  2658 | D:3      | Reached skill level 5 in Transmutations
  2673 | D:3      | Reached XP level 6. HP: 22/32 MP: 5/12
  3110 | D:3      | Found a faded altar to an unknown god.
  3143 | D:3      | Found a deep blue altar of Sif Muna.
  3459 | D:4      | Found a glowing drain.
  3482 | Sewer    | Entered a sewer
  3868 | D:4      | Noticed Grinder
  3877 | D:4      | Reached skill level 1 in Invocations
  4142 | D:4      | Learned a level 5 spell: Blade Hands
  4153 | D:4      | Paralysed by Grinder for 6 turns
  4158 | D:4      | Slain by Grinder

Action                   |  1- 3 |  4- 6 || total
-------------------------+-------+-------++-------
Melee: Unarmed           |   122 |   222 ||   344
 Cast: Beastly Appendage |    22 |     3 ||    25
       Spider Form       |     2 |    20 ||    22
       Sticks to Snakes  |       |     4 ||     4
Evoke: Wand              |       |     2 ||     2
  Use: Scroll            |       |    13 ||    13
       Potion            |       |     2 ||     2
 Stab: Sleeping          |     2 |     2 ||     4
  Eat: Bread ration      |       |     1 ||     1
       Pizza             |       |     1 ||     1
